 Dungeon Crawl Stone Soup version 0.32-a0-32-g978bd804de (webtiles) character file.

Game seed: 11532491153475504722

12861 shadizar the Fighter (level 11, -4/107 HPs)
             Began as a Minotaur Fighter on Jan 20, 2024.
             Was an Elder of Okawaru.
             Killed from afar by a molten gargoyle (26 damage)
             ... with a bolt of magma
             ... in a volcano.
             The game lasted 00:16:32 (7233 turns).

shadizar the Fighter (Minotaur Fighter)             Turns: 7233, Time: 00:16:33

Health: -4/107     AC: 23    Str: 29    XL:     11   Next: 68%
Magic:  8/10       EV: 13    Int:  5    God:    Okawaru [****..]
Gold:   512        SH: 10    Dex:  9    Spells: 10/10 levels left

rFire   . . .        a - +1 war axe (flame)
rCold   + . .        n - +3 buckler of the Equinox {rC+ Str+3}
rNeg    . . .        f - +1 chain mail
rPois   .            v - +2 hat
rElec   .            o - +1 cloak
rCorr   .            (no gloves)
SInv    +            (no boots)
Will    .....        i - amulet of regeneration Stlth
                     g - +4 ring of protection
HPRegen 1.17/turn    C - ring of see invisible
MPRegen 0.12/turn

%: no passive effects
@: heroic
A: horns 2, retaliatory headbutt
a: Renounce Religion, Heroism, Finesse


You were in a volcano.
You worshipped Okawaru.
Okawaru was greatly pleased with you.
You visited 3 branches of the dungeon, and saw 11 of its levels.
You also visited: Volcano.

You collected 722 gold pieces.
You spent 210 gold pieces at shops.

Inventory:

Hand Weapons
 a - a +1 war axe of flaming (weapon)
 e - a +1 battleaxe of flaming
 z - a +1 battleaxe of electrocution
Armour
 f - a +1 chain mail (worn)
 k - a +0 kite shield
 n - the +3 buckler of the Equinox (worn) {rC+ Str+3}
   (You found it on level 2 of the Dungeon)

   Str+3:     It affects your strength (+3).
   rC+:       It protects you from cold.
 o - a +1 cloak (worn)
 v - a +2 hat (worn)
Jewellery
 g - a +4 ring of protection (left hand)
 i - an amulet of regeneration (around neck)
 r - a ring of positive energy
 s - a ring of poison resistance
 C - a ring of see invisible (right hand)
Wands
 A - a wand of iceblast (8)
 B - a wand of flame (31)
Scrolls
 d - 2 scrolls of identify
 l - a scroll of brand weapon
 m - a scroll of poison
 p - 3 scrolls of teleportation
 t - 2 scrolls of fog
Potions
 b - 2 potions of resistance
 c - a potion of berserk rage
 h - a potion of enlightenment
 j - 3 potions of brilliance
 q - a potion of heal wounds
 u - 2 potions of haste
 w - 4 potions of curing


   Skills:
 + Level 13.3(18.3) Fighting
 + Level 9.8(14.8) Axes
 + Level 10.1(15.1) Armour
 + Level 8.2(13.2) Dodging
 + Level 10.0(15.0) Shields


You had 10 spell levels left.
You didn't know any spells.
Your spell library contained the following spells:

 Spells                   Type           Power      Damage    Failure   Level
 Magic Dart               Conj           0%         1d3       86%         1
 Sting                    Conj/Alch      0%         1d3       86%         1
 Mercury Vapours          Alch/Air       0%         N/A       94%         2
 Searing Ray              Conj           0%         2d4       94%         2
 Sublimation of Blood     Necr           0%         N/A       94%         2
 Fulminant Prism          Conj/Alch      0%         3d5       100%        4
 Olgreb's Toxic Radiance  Alch           0%         N/A       100%        4
 Call Imp                 Summ           Unusable   N/A       N/A         2
 Summon Hydra             Summ           Unusable   N/A       N/A         7

Dungeon Overview and Level Annotations

Branches:
Dungeon (9/15)             Temple (1/1) D:7            Lair (1/5) D:8
Volcano (1/1)
    Orc: D:9-12

Altars:
Ashenzari
Cheibriados
Dithmenos
Gozag
Hepliaklqana
Kikubaaqudgha
Makhleb
Nemelex Xobeh
Okawaru
Qazlal
Sif Muna
Trog
Vehumet
Wu Jian
Xom
Yredelemnul
Zin
The Shining One

Shops:
D:5 (   D:6 [*   D:7 [   D:9 *

Annotations:
D:6 Jeremiah
D:7 1 runed translucent door, Crazy Yiuf
D:8 exclusion: oklob plant


Innate Abilities, Weirdness & Mutations

You have a pair of horns on your head.
You reflexively headbutt those who attack you in melee.


Message History

The molten gargoyle blasts magma at you!
The bolt of magma misses you.
You slice the molten gargoyle!!
Your headbutt misses the molten gargoyle.
The molten gargoyle is severely damaged.
The molten gargoyle completely misses you.
You hit the molten gargoyle but do no damage.
The molten gargoyle is severely damaged.
You feel like a meek peon again.
The molten gargoyle hits you with a +0 morningstar.
You are engulfed in flames!
You completely miss the molten gargoyle.
The molten gargoyle is severely damaged.
The molten gargoyle hits you but does no damage.
You hit the molten gargoyle.
The molten gargoyle is almost destroyed.
The molten gargoyle hits you but does no damage.
You gain the combat prowess of a mighty hero.
The molten gargoyle blasts magma at you!
The bolt of magma hits you!!
You are too injured to fight recklessly!
You are too injured to fight recklessly!
You are too injured to fight recklessly!
You hit the molten gargoyle but do no damage.
The molten gargoyle is almost destroyed.
You block the molten gargoyle's attack.
You slash the molten gargoyle!
You destroy the molten gargoyle!
Okawaru accepts your kill.
Your base Shields skill increases to level 10!
You block the molten gargoyle's attack.
You see here a +0 morningstar.
You hit the molten gargoyle.
The molten gargoyle is lightly damaged.
The molten gargoyle blasts magma at you!
The bolt of magma hits you!!
* * * LOW HITPOINT WARNING * * *
The molten gargoyle blasts magma at you!
The bolt of magma hits you!!
You die...

#........# #..()....# ###
#..####..# ..# #..# #..#
.. #..####..# #.##
#..'.##..# #.9#
#..####.(# #)##
#..####..#
#~~~~#@###..'.##..#
#~§§§#..##..####..#
##~~§§~~#..#..# #..#####
*#~~§~§~~..'..####..##8..
##~~§~~~~#)'..#8...8.+...
~~§§~~~~~..####......+...
~~~~######## #...⌠..#...
## #......)...
#8...8.'...


You could see a molten gargoyle.

Vanquished Creatures
  Gastronok (D:9)
  A two-headed ogre (D:8)
  Erica (D:8)
  2 salamanders (Volcano)
  Maurice (D:9)
  2 cyclopes (Volcano)
  2 rust devils (D:9)
  A black mamba (Lair:1)
  A molten gargoyle (Volcano)
  An efreet (Volcano)
  A red devil (D:9)
  A troll (D:9)
  5 blink frogs (Lair:1)
  A shadow (D:9)
  A wyvern (D:9)
  6 yaks (D:9)
  2 fire elementals (Lair:1)
  2 neqoxecs (D:9)
  2 chaos spawn (D:9)
  A steam dragon (D:9)
  Duvessa (D:6)
  A water moccasin (D:9)
  2 ice beasts
  A black bear (D:8)
  4 orc warriors
  A sky beast (D:8)
  An ogre (D:7)
  2 wolves (D:8)
  A centaur (D:9)
  A kobold brigand (D:7)
  A phantom (D:5)
  2 bullfrogs
  2 gnoll sergeants
  A necrophage (D:4)
  2 scorpions
  2 water moccasin zombies (D:4)
  5 wights
  Dowan (D:6)
  6 killer bees (D:8)
  3 howler monkeys
  A bombardier beetle (D:6)
  A bullfrog zombie (D:4)
  6 jellies
  A hound (D:5)
  A human zombie (D:4)
  2 orc priests
  A gnoll bouda (D:8)
  An iguana (D:4)
  2 sleepcaps
  5 orc wizards
  Natasha (thrice) (D:4)
  A scorpion zombie (D:4)
  2 hound zombies (D:4)
  2 mummies (D:4)
  16 gnolls
  9 adders
  3 shadow imps
  A white imp (D:4)
  5 ufetubi
  An adder zombie (D:4)
  3 ribbon worms
  2 dart slugs
  12 orcs
  6 ball pythons
  15 endoplasms
  5 giant cockroaches
  4 goblins
  9 hobgoblins
  11 jackals
  2 quokkas
  5 bats
  6 frilled lizards
  19 kobolds
  6 rats
244 creatures vanquished.

Notes
Turn   | Place    | Note
-------+----------+-------------------------------------------
     0 | D:1      | shadizar the Minotaur Fighter began the quest for the Orb.
     0 | D:1      | Reached XP level 1. HP: 19/19 MP: 0/0
   128 | D:1      | Reached skill level 4 in Fighting
   128 | D:1      | Reached XP level 2. HP: 25/27 MP: 1/1
   346 | D:1      | Reached XP level 3. HP: 33/33 MP: 2/2
   370 | D:1      | Found a faded altar of an unknown god.
   465 | D:1      | Reached skill level 1 in Dodging
  1308 | D:2      | Reached XP level 4. HP: 39/41 MP: 3/3
  1386 | D:2      | Identified the +3 buckler of the Equinox {rC+ Str+3}
  1547 | D:2      | HP: 1/41 [gnoll/+0 spear (3)]
  1797 | D:3      | Reached skill level 5 in Fighting
  2213 | D:3      | Reached XP level 5. HP: 48/48 MP: 4/4
  2616 | D:4      | Reached XP level 6. HP: 48/56 MP: 5/5
  2641 | D:4      | Identified the maw talisman "Icok" {rElec rF+ Dex-5}
  2794 | D:4      | Identified the +0 flail "Hias" {freeze, rElec}
  2820 | D:4      | Reached skill level 6 in Fighting
  2846 | D:4      | Reached skill level 5 in Armour
  2846 | D:4      | Reached skill level 5 in Shields
  2854 | D:4      | Reached XP level 7. HP: 64/64 MP: 6/6
  2860 | D:4      | Found a basalt altar of Yredelemnul.
  2943 | D:4      | Noticed Natasha
  2951 | D:4      | Killed Natasha
  3083 | D:4      | Noticed Natasha
  3089 | D:4      | Killed Natasha
  3090 | D:4      | Reached skill level 7 in Fighting
  3121 | D:4      | Noticed Natasha
  3136 | D:4      | Killed Natasha
  3213 | D:5      | Entered Level 5 of the Dungeon
  3280 | D:5      | Reached skill level 5 in Axes
  3324 | D:5      | Found Zilonogg's Antique Weapon Shoppe.
  3373 | D:5      | Reached XP level 8. HP: 69/73 MP: 7/7
  3799 | D:6      | Found Fenif's Overcharged Wands.
  3830 | D:6      | Noticed Dowan
  3830 | D:6      | Noticed Duvessa
  3838 | D:6      | Killed Duvessa
  3840 | D:6      | Killed Dowan
  3874 | D:6      | Found Uhefead's Antique Armour Emporium.
  3885 | D:6      | Bought an embroidered cloak for 210 gold pieces
  3997 | D:6      | Reached skill level 8 in Fighting
  4166 | D:6      | Noticed Jeremiah
  4353 | D:7      | Found Cheibriados's Comfort Zone.
  4354 | D:7      | Found a snail-covered altar of Cheibriados.
  4401 | D:7      | Found a staircase to the Ecumenical Temple.
  4423 | Temple   | Entered the Ecumenical Temple
  4441 | Temple   | Became a worshipper of Warmaster Okawaru
  4669 | D:7      | Found a runed translucent door.
  4670 | D:7      | Noticed Crazy Yiuf
  4975 | D:8      | Reached skill level 9 in Fighting
  4979 | D:8      | Reached XP level 9. HP: 50/83 MP: 8/8
  5061 | D:8      | Reached * piety under Okawaru
  5065 | D:8      | Reached skill level 5 in Dodging
  5180 | D:8      | Found a staircase to the Lair.
  5198 | D:8      | Noticed Erica
  5357 | D:8      | Noticed a two-headed ogre
  5364 | D:8      | Killed a two-headed ogre
  5365 | D:8      | Reached skill level 10 in Fighting
  5409 | D:8      | Reached ** piety under Okawaru
  5581 | D:8      | Killed Erica
  5582 | D:8      | Reached XP level 10. HP: 75/94 MP: 6/9
  5586 | D:8      | Noticed an oklob plant
  5594 | D:8      | Reached *** piety under Okawaru
  5795 | D:9      | Reached skill level 11 in Fighting
  5860 | D:9      | Noticed a rust devil
  5860 | D:9      | Noticed a rust devil
  5926 | D:9      | Killed a rust devil
  6076 | D:9      | Noticed Maurice
  6089 | D:9      | Something stole 358 gold
  6093 | D:9      | Something stole a +1 battleaxe of electrocution
  6098 | D:9      | Something stole a ring of positive energy
  6101 | D:9      | Something stole a +0 kite shield
  6127 | D:9      | Killed Maurice
  6257 | D:9      | Noticed Gastronok
  6272 | D:9      | Killed Gastronok
  6273 | D:9      | Reached skill level 12 in Fighting
  6397 | D:9      | Reached XP level 11. HP: 81/105 MP: 10/10
  6399 | D:9      | Reached **** piety under Okawaru
  6509 | D:9      | Found Sesai's General Store.
  6966 | Lair:1   | Entered Level 1 of the Lair of Beasts
  6987 | Lair:1   | Reached skill level 13 in Fighting
  7060 | Lair:1   | Found a dark tunnel.
  7071 | Volcano  | Entered a volcano
  7143 | Volcano  | Reached skill level 10 in Armour
  7231 | Volcano  | Reached skill level 10 in Shields
  7231 | Volcano  | Noticed an orb of fire
  7233 | Volcano  | Killed from afar by a molten gargoyle

Illustrated notes

Levels and vault maps discovered:
D:1:      psy_arrival_conway, layout_basic,
          shapermc_ecumenical_altar_totnotflames
D:2:      cheibrodos_old_hovel, layout_basic
D:3:      layout_rooms, wander_ebering_terrifying_dragon_lair
D:4:      layout_basic, lemuel_mausoleum_altar_yredelemnul, serial_demonic,
          serial_demonic_b, serial_demonic_d, serial_demonic_g,
          serial_demonic_b, serial_demonic_g, serial_demonic_g,
          serial_demonic_f, uniq_natasha
D:5:      layout_rooms, serial_shops, nicolae_lakefront_shop
D:6:      layout_loops_ring, serial_shops, nicolae_shop_window_shopping,
          minmay_crystal_room, nrook_mini_vaults,
          nicolae_shop_overcharged_wands, uniq_duvessa, uniq_jeremiah
D:7:      layout_basic, minmay_temple_entry_junction_2, minmay_shop_chei,
          uniq_crazy_yiuf_cottage
D:8:      lemuel_slime, layout_cave_pools, erik_lair_orcish_takeover, uniq_erica
D:9:      layout_irregular_city, serial_rivers, chequers_serial_rivers_micro_a,
          chequers_serial_rivers_large_a, chequers_serial_rivers_large_b,
          chequers_serial_rivers_small_3, serial_shops, nicolae_diamond_shop,
          nicolae_neqoxec_dot_bat, uniq_maurice, uniq_gastronok
Temple:   bh_familiar_temple
Lair:1:   layout_gridlike, enter_volcano_1, dreamdust_mushroom_princess
Volcano:  hellmonk_zot_springs

Skill      XL: |  1  2  3  4  5  6  7  8  9 10 11 |
---------------+----------------------------------+-----
Fighting       | 4 5 6 7 9 10 12 13 | 13.3
Dodging        | 1 2 3 4 6 7 8 |  8.2
Armour         | 4 5 6 8 9 10 | 10.1
Shields        | 4 5 6 7 9 10 | 10.0
Axes           | 3 4 5 6 7 8 9 |  9.8

Action                     |  1- 3 |  4- 6 |  7- 9 | 10-12 || total
---------------------------+-------+-------+-------+-------++-------
  Melee: War axe           |    93 |   132 |   205 |   209 ||   639
         Headbutt          |    12 |    27 |    34 |    43 ||   116
 Invoke: Heroism           |       |       |     3 |    15 ||    18
    Use: Potion            |       |     1 |       |     1 ||     2
         Scroll            |       |       |    18 |     4 ||    22
 Armour: Scale mail        |    71 |    34 |       |       ||   105
         Chain mail        |       |    73 |   192 |   173 ||   438
  Dodge: Dodged            |    48 |    61 |   115 |    82 ||   306
  Block: Buckler           |    16 |    64 |   105 |    84 ||   269

Table legend: (Time is in decaauts)
 A = Elapsed time spent in this place.
 B = Non-inter-level travel time spent in this place.
 C = Inter-level travel time spent in this place.
 D = Time resting spent in this place.
 E = Time spent auto-exploring this place.
 F = Levels seen in this place.
 G = Mean time per level.
                   A        B        C        D        E       F      G
               +--------+--------+--------+--------+--------+-----+--------+
         Total |   7457 |   7262 |    195 |      0 |   5104 |  12 |  621.4 |
       Dungeon |   7162 |   6984 |    178 |      0 |   5036 |   9 |  795.8 |
        Temple |     37 |     20 |     17 |      0 |      0 |   1 |   37.0 |
          Lair |    101 |    101 |      0 |      0 |      0 |   1 |  101.0 |
       Volcano |    155 |    155 |      0 |      0 |     68 |   1 |  155.0 |
               +--------+--------+--------+--------+--------+-----+--------+

Top non-repeatable levels by time:
     D:9: 1327 daAuts
     D:1: 1117 daAuts
     D:4: 978 daAuts
     D:2: 717 daAuts
     D:8: 712 daAuts
     D:7: 691 daAuts
     D:6: 620 daAuts
     D:3: 514 daAuts
     D:5: 483 daAuts
 Volcano: 155 daAuts
  Lair:1: 101 daAuts
  Temple: 37 daAuts
